 Dungeon Crawl Stone Soup version 0.21.1-1-g345015fe64 (webtiles) character file.

1626 Knicklaso the Reanimator (level 8, -3/62 HPs)
             Began as a Demonspawn Necromancer on Apr 12, 2018.
             Was a Follower of Yredelemnul.
             Slain by a killer bee (4 damage)
             ... on level 7 of the Dungeon.
             The game lasted 00:33:57 (7880 turns).

Knicklaso the Reanimator (Demonspawn Necromancer)   Turns: 7880, Time: 00:33:58

Health: -3/62      AC:  6    Str: 14    XL:     8   Next: 65%
Magic:  0/11       EV: 13    Int: 23    God:    Yredelemnul [*.....]
Gold:   302        SH:  0    Dex: 14    Spells: 1/11 levels left

rFire    . . .     SeeInvis .   B - staff of summoning
rCold    . . .     Gourm    .   (no shield)
rNeg     . . .     Faith    .   n - +2 robe {MR+}
rPois    +         Spirit   .   (helmet restricted)
rElec    .         Reflect  .   (no cloak)
rCorr    .         Harm     .   (no gloves)
MR       ++...                  (no boots)
Stlth    ++........             z - amulet of regeneration
HPRegen  0.60/turn              r - ring of poison resistance
MPRegen  0.12/turn              m - ring of protection from magic

@: mighty, brilliant, lethally poisoned (-3 -> -5), very slightly contaminated,
hasted, very quick
A: antennae 2, yellow scales 1, demonic guardian 1, powered by pain 2
a: Animate Remains, Renounce Religion


You were on level 7 of the Dungeon.
You worshipped Yredelemnul.
Yredelemnul was aware of your devotion.
You were hungry.

You visited 1 branch of the dungeon, and saw 7 of its levels.

You collected 302 gold pieces.

Inventory:

Armour
 k - a +0 buckler
 n - a +2 robe of magic resistance (worn)
 o - a +0 chain mail of fire resistance
Magical Staves
 A - an uncursed staff of cold
 B - an uncursed staff of summoning (weapon)
Jewellery
 g - an uncursed ring of flight
 m - a ring of protection from magic (right hand)
 r - a ring of poison resistance (left hand)
 y - an uncursed ring of see invisible
 z - an amulet of regeneration (around neck)
Wands
 D - a wand of digging (14)
Scrolls
 a - 3 scrolls of noise {unknown}
 f - a scroll of blinking {unknown}
 p - 4 scrolls of remove curse
 t - 2 scrolls of amnesia {unknown}
 u - a scroll of immolation {unknown}
 w - 3 scrolls of teleportation {unknown}
 x - 4 scrolls of enchant weapon {unknown}
Potions
 d - a potion of might
 e - 2 potions of haste
 h - a potion of agility {unknown}
 i - 2 potions of degeneration {unknown}
 j - a potion of curing {unknown}
 l - a potion of brilliance
 q - a potion of berserk rage {unknown}
 s - a potion of flight {unknown}
 v - a potion of ambrosia {unknown}
 F - a potion of heal wounds {unknown}
Books
 b - a book of Necromancy

   Spells                             Type                      Level
   a - Pain                           Necromancy                   1
   b - Animate Skeleton               Necromancy                   1
   c - Vampiric Draining              Necromancy                   3
   d - Regeneration                   Charms/Necromancy            3
   e - Animate Dead                   Necromancy                   4
   f - Borgnjor's Vile Clutch         Necromancy/Earth             5
 C - a book of Changes

   Spells                             Type                      Level
   a - Beastly Appendage              Transmutation                1
   b - Sticks to Snakes               Transmutation                2
   c - Spider Form                    Transmutation/Poison         3
   d - Ice Form                       Ice/Transmutation            4
   e - Blade Hands                    Transmutation                5
 E - a book of Callings

   Spells                             Type                      Level
   a - Summon Small Mammal            Summoning                    1
   b - Call Imp                       Summoning                    2
   c - Call Canine Familiar           Summoning                    3
   d - Summon Guardian Golem          Hexes/Summoning              3
   e - Summon Lightning Spire         Summoning/Air                4
   f - Summon Ice Beast               Ice/Summoning                4
Comestibles
 c - 13 rations


   Skills:
 - Level 5.3 Fighting
 - Level 1.4 Armour
 - Level 2.6 Dodging
 - Level 1.7 Stealth
 * Level 3.3 Shields
 - Level 2.0 Spellcasting
 - Level 9.0 Necromancy
 - Level 3.0 Earth Magic
 + Level 1.6 Invocations


You had one spell level left.
You knew the following spells:

 Your Spells              Type           Power        Failure   Level  Hunger
a - Pain                  Necr           ####         1%          1    #......
b - Animate Skeleton      Necr           N/A          1%          1    #......
c - Vampiric Draining     Necr           ######....   1%          3    ###....
d - Borgnjor's Vile Clut  Necr/Erth      #####.....   3%          5    ######.


Dungeon Overview and Level Annotations

Branches:
Dungeon (7/15)
 Temple: D:4-7

Altars:
Dithmenos
Fedhas
Hepliaklqana
Nemelex Xobeh
Ru
Sif Muna
Vehumet
Yredelemnul
The Shining One

Shops:
D:4 *

Annotations:
D:2 1 runed door


Innate Abilities, Weirdness & Mutations

You have a pair of antennae on your head.
You are partially covered in yellow scales. (AC +2)
A weak demonic guardian rushes to your aid.
You sometimes gain power by taking damage.


Message History

You feel sick.
You feel sick. The killer bee stings you.
* * * LOW HITPOINT WARNING * * *
Casting: Vampiric Draining
Confirm with . or Enter, or press ? or * to list all spells.
Aiming: Pain
Press: ? - help, Shift-Dir - straight line, f/p - killer bee
Aim: a killer bee (heavily wounded, chance to defeat MR: 89%)
The killer bee writhes in agony!
You kill the killer bee!
Yredelemnul accepts your kill.
You feel sick.
You barely miss the killer bee.
The killer bee is almost dead.
You feel sick. The killer bee stings you.
* * * LOW HITPOINT WARNING * * *
You are lethally poisoned!
The killer bee poisons you! The killer bee stings you.
You die...
Your body rises from the dead as a mindless zombie.

.#.....##.## ..
.#.....##..# ..
.#.....###.## .####
.#.....# #..# ....
.#....#####.####.####.#.
.# #.##................
##.##.##.###.###.####.#
...##.## #..##y#
#####.## ##.##@#
....#..######..#.####.
##.....≈....##.#......
()..≈.≈.###.##..###
.#..≈_≈≈#.....y.......
.#.≈≈≈.≈....###..####.
.#+..≈.≈#.# ##.#
.......##... .. .......#
#. ...


You could see a killer bee.

Vanquished Creatures
  Edmund (D:4)
  A sky beast (D:7)
  3 ogres
  2 centaurs
  2 killer bees (D:7)
  2 howler monkeys
  2 crimson imps
  A hound (D:5)
  2 jellies
  2 bullfrog skeletons (D:6)
  Jessica (D:2)
  An iguana (D:7)
  3 worker ants
  A worker ant zombie (D:5)
  7 gnolls
  An adder (D:6)
  An ooze (D:1)
  2 worms (D:3)
  2 dart slugs
  5 leopard geckos
  11 orcs
  5 giant cockroaches
  2 gnoll zombies (D:4)
  7 goblins
  4 hobgoblins
  9 jackals
  4 kobolds
  A quokka (D:5)
  7 bats
  5 frilled lizards
  7 rats
104 creatures vanquished.

Vanquished Creatures (collateral kills)
  Prince Ribbit (D:5)
  An orc warrior (D:6)
  A hornet zombie (D:5)
  A centaur (D:7)
  A hound (D:7)
  An orc wizard (D:6)
  An iguana (D:4)
  An adder (D:3)
  An adder skeleton (D:6)
  A dart slug (D:1)
  An orc (D:6)
  2 bats
  A giant cockroach (D:1)
  3 goblins
  A hobgoblin (D:1)
  A jackal (D:4)
  A kobold (D:2)
  A rat (D:3)
21 creatures vanquished.

Grand Total: 125 creatures vanquished

Notes
Turn   | Place    | Note
-------+----------+-------------------------------------------
     0 | D:1      | Knicklaso the Demonspawn Necromancer began the quest for the Orb.
     0 | D:1      | Reached XP level 1. HP: 13/13 MP: 3/3
    67 | D:1      | Learned a level 1 spell: Animate Skeleton
   334 | D:1      | Gained mutation: You have a pair of small antennae on your head. [demonic ancestry]
   334 | D:1      | Reached XP level 2. HP: 3/20 MP: 1/5
   806 | D:1      | Reached skill level 1 in Fighting
  1021 | D:1      | Reached skill level 5 in Necromancy
  1145 | D:2      | Noticed Jessica
  1152 | D:2      | Killed Jessica
  1152 | D:2      | Gained mutation: You sometimes gain a little power by taking damage. [demonic ancestry]
  1152 | D:2      | Reached XP level 3. HP: 4/27 MP: 0/6
  1703 | D:2      | Gained mutation: You are partially covered in yellow scales. (AC +2) [demonic ancestry]
  1703 | D:2      | Reached XP level 4. HP: 33/33 MP: 7/7
  1788 | D:2      | Found a runed door.
  2148 | D:3      | Found a glowing golden altar of the Shining One.
  2658 | D:2      | Reached skill level 6 in Necromancy
  2890 | D:2      | Learned a level 3 spell: Vampiric Draining
  3428 | D:3      | Gained mutation: A weak demonic guardian rushes to your aid. [demonic ancestry]
  3428 | D:3      | Reached XP level 5. HP: 37/39 MP: 4/8
  4473 | D:4      | Found a shadowy altar of Dithmenos.
  4770 | D:4      | Noticed Edmund
  4882 | D:4      | Killed Edmund
  4882 | D:4      | Reached skill level 7 in Necromancy
  4882 | D:4      | Gained mutation: You sometimes gain power by taking damage. [demonic ancestry]
  4882 | D:4      | Reached XP level 6. HP: 45/47 MP: 4/9
  4913 | D:4      | Found Eharer's Assorted Antiques.
  5189 | D:4      | Found a basalt altar of Yredelemnul.
  5208 | D:4      | Became a worshipper of Yredelemnul the Dark
  5290 | D:5      | Entered Level 5 of the Dungeon
  6080 | D:5      | Reached skill level 8 in Necromancy
  6080 | D:5      | Reached XP level 7. HP: 17/54 MP: 6/10
  6353 | D:5      | Noticed Prince Ribbit
  6386 | D:5      | Killed Prince Ribbit
  6541 | D:5      | Found a sparkling altar of Nemelex Xobeh.
  6550 | D:5      | Found a hazy altar of Hepliaklqana.
  6595 | D:6      | Reached skill level 9 in Necromancy
  6602 | D:6      | Learned a level 5 spell: Borgnjor's Vile Clutch
  6747 | D:6      | Reached skill level 1 in Earth Magic
  6756 | D:6      | Found a sparkling altar of Nemelex Xobeh.
  6763 | D:6      | Found a radiant altar of Vehumet.
  6943 | D:6      | Reached skill level 5 in Fighting
  7020 | D:6      | Gained mutation: You have a pair of antennae on your head. [demonic ancestry]
  7020 | D:6      | Reached XP level 8. HP: 61/62 MP: 2/11
  7023 | D:6      | Found a sacrificial altar of Ru.
  7445 | D:6      | Found a deep blue altar of Sif Muna.
  7496 | D:6      | Reached skill level 1 in Shields
  7588 | D:7      | Found a blossoming altar of Fedhas.
  7596 | D:7      | Reached skill level 1 in Armour
  7635 | D:7      | Reached * piety under Yredelemnul
  7859 | D:7      | Reached skill level 1 in Invocations
  7879 | D:7      | HP: 3/62 [poisoned by a killer bee]
  7880 | D:7      | HP: 1/62 [killer bee (1)]
  7880 | D:7      | Slain by a killer bee

Skill      XL: |  1  2  3  4  5  6  7  8 |
---------------+-------------------------+-----
Fighting       | 1 2 3 4 5 |  5.3
Necromancy     | 5 6 7 8 9 |  9.0
Dodging        | 2 |  2.6
Earth Magic    | 1 3 |  3.0
Shields        | 3 |  3.3
Armour         | 1 |  1.4
Invocations    | 1 |  1.6
Stealth        | |  1.7
Spellcasting   | |  2.0

Action                   |  1- 3 |  4- 6 |  7- 9 || total
-------------------------+-------+-------+-------++-------
Melee: Mace              |    73 |   141 |    43 ||   257
       Staff             |       |       |    24 ||    24
 Cast: Animate Skeleton  |    14 |    19 |     8 ||    41
       Pain              |    19 |   108 |    90 ||   217
       Vampiric Draining |       |     5 |     6 ||    11
  Use: Potion            |       |     1 |     3 ||     4
       Scroll            |       |       |     4 ||     4
 Stab: Sleeping          |     4 |     1 |       ||     5
       Distracted        |       |       |     2 ||     2
  Eat: Chunk             |     3 |    13 |     8 ||    24
       Ration            |       |     1 |       ||     1
Armor: Robe              |    28 |    40 |    24 ||    92
Dodge: Dodged            |    70 |   124 |    80 ||   274
